 Dungeon Crawl Stone Soup version 0.29-a0-1052-g6990b1bffc (webtiles) character file.

Game seed: 12756423843957389625

2 Plasmagod the Chopper (level 1, 0/19 HPs)
             Began as a Hill Orc Monk on Aug 17, 2022.
             Slain by a jackal (2 damage)
             ... on level 1 of the Dungeon.
             The game lasted 00:00:12 (16 turns).

Plasmagod the Chopper (Hill Orc Monk)                 Turns: 16, Time: 00:00:13

Health: 0/19       AC:  2    Str: 13    XL:     1   Next: 40%
Magic:  1/1        EV: 12    Int: 10    God:
Gold:   0          SH:  0    Dex: 13    Spells: 0/0 levels left

rFire   . . .      SeeInvis .   a - +0 hand axe
rCold   . . .      Faith    .   (no shield)
rNeg    . . .      Spirit   .   b - +0 robe
rPois   .          Reflect  .   (no helmet)
rElec   .          Harm     .   (no cloak)
rCorr   .          Rampage  .   (no gloves)
Will    .....                   (no boots)
Stlth   ++........              (no amulet)
HPRegen 0.06/turn               (no ring)
MPRegen 0.07/turn               (no ring)

@: no status effects
A: no striking features
a: no special abilities


You were on level 1 of the Dungeon.
You visited 1 branch of the dungeon, and saw 1 of its levels.

Inventory:

Hand Weapons
 a - a +0 hand axe (weapon)
Armour
 b - a +0 robe (worn)
Potions
 c - a potion of ambrosia


   Skills:
 - Level 3.6 Fighting
 + Level 4.2 Axes
 - Level 2.4 Dodging
 - Level 1.5 Stealth


You couldn't memorise any spells.
You didn't know any spells.
Your spell library was empty.

Dungeon Overview and Level Annotations

Branches:
Dungeon (1/15)

Altars:

Annotations:
D:1 1 transporter


Message History

You closely miss the frilled lizard. You hit the jackal but do no damage.
The jackal bites you. The frilled lizard closely misses you.
The jackal barely misses you.
You closely miss the frilled lizard. You closely miss the jackal.
The jackal misses you. The frilled lizard misses you.
You miss the frilled lizard. You closely miss the jackal.
The jackal barely misses you.
The frilled lizard bites you but does no damage.
You hit the frilled lizard but do no damage.
You hit the jackal.
A goblin comes into view. It is wielding a +0 club.
The frilled lizard bites you.
A hobgoblin comes into view.
You miss the frilled lizard.
The hobgoblin shouts!
The goblin shouts!
You hit the jackal but do no damage. You hit the jackal.
The jackal bites you but does no damage.
The frilled lizard barely misses you. The jackal closely misses you.
The jackal bites you but does no damage.
You closely miss the frilled lizard. You hit the jackal.
You hit the jackal but do no damage. You hit the jackal.
You hit the jackal but do no damage. The jackal barely misses you.
The frilled lizard misses you. The jackal bites you.
* * * LOW HITPOINT WARNING * * *
The jackal closely misses you. The jackal misses you. The jackal bites you.
* * * LOW HITPOINT WARNING * * *
You barely miss the frilled lizard. You barely miss the jackal.
You hit the jackal. x2
You kill the jackal!
You closely miss the jackal. The jackal closely misses you. x2
The frilled lizard completely misses you.
A rat comes into view.
The jackal bites you but does no damage.
The jackal barely misses you. x2
You closely miss the frilled lizard. You hit the jackal. x3
You kill the jackal!
The jackal barely misses you. The frilled lizard bites you.
* * * LOW HITPOINT WARNING * * *
The jackal bites you.
You die...

#. #. ####.
#######.###...r.
.... ........
#..##....g.
####.l#.....#
#.......#gh.# #.
#....#@h.#
#.##....l...#
#..###..#####
##.#.#.##
#.#.#.## #<#.##
#.#©##....
..######### #.#
#####


You could see 2 jackals, a hobgoblin, a goblin, a frilled lizard and a rat.

Vanquished Creatures
  A goblin (D:1)
  2 jackals (D:1)
3 creatures vanquished.

Notes
Turn   | Place    | Note
-------+----------+-------------------------------------------
     0 | D:1      | Plasmagod the Hill Orc Monk began the quest for the Orb.
     0 | D:1      | Reached XP level 1. HP: 19/19 MP: 1/1
    16 | D:1      | Slain by a jackal

Illustrated notes

Levels and vault maps discovered:
D:1:      spicycebolla_arrival_risky_transporter, layout_loops_cross,
          basic_ecumenical_altar, chequers_serial_rivers_large_a,
          minmay_gold_behind_fungi

Action                   || total
-------------------------++-------
Melee: Hand axe          ||    10
Armor: Robe              ||     4
Dodge: Dodged            ||    19

Table legend: (Time is in decaauts)
 A = Elapsed time spent in this place.
 B = Non-inter-level travel time spent in this place.
 C = Inter-level travel time spent in this place.
 D = Time resting spent in this place.
 E = Time spent auto-exploring this place.
 F = Levels seen in this place.
 G = Mean time per level.
                   A        B        C        D        E       F      G
               +--------+--------+--------+--------+--------+-----+--------+
         Total |     16 |     16 |      0 |      0 |      2 |   1 |   16.0 |
       Dungeon |     16 |     16 |      0 |      0 |      2 |   1 |   16.0 |
               +--------+--------+--------+--------+--------+-----+--------+

Top non-repeatable levels by time:
     D:1: 16 daAuts
